 Dungeon Crawl Stone Soup version 0.26.1-11-gd32895ea62 (webtiles) character file.

Game seed: 15784558120254180468

221 Zeld the Sneak (level 5, -4/34 HPs)
             Began as an Octopode Brigand on May 16, 2021.
             Slain by a wyvern (20 damage)
             ... on level 4 of the Dungeon.
             The game lasted 00:04:19 (4278 turns).

Zeld the Sneak (Octopode Brigand)                   Turns: 4278, Time: 00:04:20

Health: -4/34      AC:  1    Str: 11    XL:     5   Next: 98%
Magic:  8/8        EV: 13    Int: 13    God:
Gold:   155        SH:  0    Dex: 14    Spells: 9/9 levels left

rFire    . . .     SeeInvis .   a - +2 dagger
rCold    . . .     Faith    .   (no shield)
rNeg     . . .     Spirit   .   (helmet restricted)
rPois    .         Reflect  .   (no amulet)
rElec    .         Harm     .   (no ring)
rCorr    .         Rampage  .   (no ring)
Will     .....                  (no ring)
Stlth    ++++......             (no ring)
HPRegen  0.11/turn              (no ring)
MPRegen  0.11/turn              (no ring)
                                (no ring)
                                (no ring)

@: no status effects
A: almost no armour, stealthy swim, amphibious, 8 rings, constrict 8, camouflage
1, gelatinous body 1
a: no special abilities


You were on level 4 of the Dungeon.
You visited 1 branch of the dungeon, and saw 4 of its levels.

You collected 155 gold pieces.

Inventory:

Hand Weapons
 a - a +2 dagger (weapon)
 k - a +2 dagger of holy wrath
 p - a +1 dagger of freezing
Missiles
 b - 24 poisoned darts (quivered)
 c - 2 curare-tipped darts
Jewellery
 j - a +6 ring of dexterity {unknown}
Wands
 o - a wand of iceblast (6)
Scrolls
 d - 11 scrolls of identify {unknown}
 e - 3 scrolls of immolation {unknown}
 f - a scroll of teleportation {unknown}
 g - 4 scrolls of remove curse {unknown}
 m - a scroll of fear {unknown}
 r - a scroll of amnesia {unknown}
Potions
 h - a potion of attraction {unknown}
 i - a potion of berserk rage {unknown}
 l - a potion of mutation {unknown}
 n - a potion of curing {unknown}
 q - a potion of invisibility {unknown}


   Skills:
 - Level 2.0 Fighting
 - Level 2.0 Short Blades
 * Level 5.0 Throwing
 - Level 1.0 Dodging
 - Level 5.3 Stealth
 + Level 2.6 Spellcasting


You had 9 spell levels left.
You didn't know any spells.
Your spell library was empty.

Dungeon Overview and Level Annotations

Branches:
Dungeon (4/15)
 Temple: D:4-7

Altars:
Nemelex Xobeh


Innate Abilities, Weirdness & Mutations

You cannot wear most types of armour.
You are very stealthy in the water. (Stealth+)
You are amphibious.
You can wear up to eight rings at the same time.
You can use your tentacles to constrict eight enemies at once.
Your skin changes colour to match your surroundings (Stealth+).
Your rubbery body absorbs attacks. (AC +1, EV +1)


Message History

You throw a poisoned dart.
The poisoned dart closely misses the wyvern.
You throw a poisoned dart.
The poisoned dart closely misses the wyvern.
You hit the wyvern but do no damage.
The wyvern is lightly wounded.
The wyvern closely misses you.
You hit the wyvern.
The wyvern is moderately wounded.
The wyvern bites you!!
Ouch! That really hurt!
You are too injured to fight recklessly!
You are too injured to fight recklessly!
You are too injured to fight recklessly!
You are too injured to fight recklessly!
You hit the wyvern. Your squeeze misses the wyvern.
The wyvern is moderately wounded.
The wyvern closely misses you. The wyvern bites you!!
Ouch! That really hurt!
You die...

### #>. #(#
#(# #.# ...#
#.# ....#. #.#
...... #l#
......
###@##.....
#..........
#$#.#.####..#
..###....<...#
### #...#####.
#.##.#######
... #<.......
### #.#######
#.#


You could see a wyvern (very poisoned).

Vanquished Creatures
  A bullfrog skeleton (D:3)
  Ijyb (D:3)
  Robin (D:3)
  5 adders
  2 oozes
  A worm (D:3)
  A dart slug (D:3)
  A leopard gecko (D:1)
  5 orcs
  12 goblins
  15 hobgoblins
  6 jackals
  2 quokkas (D:2)
  9 bats
  6 frilled lizards
  15 kobolds
  11 rats
94 creatures vanquished.

Notes
Turn   | Place    | Note
-------+----------+-------------------------------------------
     0 | D:1      | Zeld the Octopode Brigand began the quest for the Orb.
     0 | D:1      | Reached XP level 1. HP: 14/14 MP: 1/1
    79 | D:1      | You fall into a shaft and drop 1 floor!
    83 | D:2      | Reached XP level 2. HP: 19/19 MP: 1/3
   293 | D:1      | Reached skill level 1 in Spellcasting
   363 | D:1      | Reached XP level 3. HP: 24/24 MP: 4/4
  1240 | D:2      | Found a sparkling altar of Nemelex Xobeh.
  1254 | D:2      | Reached XP level 4. HP: 29/29 MP: 6/6
  1492 | D:2      | Found a faded altar of an unknown god.
  1983 | D:3      | Reached XP level 5. HP: 26/34 MP: 8/8
  2913 | D:3      | Identified the +1 helmet "Jumolaki" {rF+}
  2913 | D:3      | Noticed Robin
  3545 | D:3      | Noticed Ijyb
  3565 | D:3      | Killed Ijyb
  3870 | D:3      | Killed Robin
  3990 | D:3      | Reached skill level 5 in Throwing
  4267 | D:4      | Noticed a wyvern
  4278 | D:4      | Slain by a wyvern

Illustrated notes

Levels and vault maps discovered:
D:1:      roderic_dead_forest, layout_rooms, nrook_uturn, minmay_pentomino_r4
D:2:      layout_loops_ring, chequers_ecumenical_altar_twisty,
          nemelex_dance_club_becter
D:3:      layout_basic, uniq_robin, uniq_ijyb
D:4:      layout_loops_ring

Skill      XL: |  1  2  3  4  5 |
---------------+----------------+-----
Spellcasting   | 1 2 |  2.6
Throwing       | 3 4 5 |  5.0
Fighting       | |  2.0
Short Blades   | |  2.0
Dodging        | |  1.0
Stealth        | |  5.3

Action                   |  1- 3 |  4- 6 || total
-------------------------+-------+-------++-------
Melee: Dagger            |    64 |   124 ||   188
       Constrict         |    12 |    28 ||    40
       Tentacles         |     5 |    26 ||    31
Throw: Dart              |       |     4 ||     4
 Stab: Sleeping          |    16 |    16 ||    32
       Distracted        |       |     1 ||     1
Armor: Skin              |     3 |     6 ||     9
Dodge: Dodged            |    34 |    59 ||    93
